 Dungeon Crawl Stone Soup version 0.30-a0-779-g7971cf19c3 (webtiles) character file.

Game seed: 693631670385486774

1115 cforsyth the Gusty (level 8, 0/41 HPs)
             Began as a Tengu Air Elementalist on Feb 18, 2023.
             Was an Initiate of Vehumet.
             Shot with a bolt by an orc warrior (17 damage)
             ... on level 5 of the Dungeon.
             The game lasted 00:16:13 (8084 turns).

cforsyth the Gusty (Tengu Air Elementalist)         Turns: 8084, Time: 00:16:14

Health: 0/41       AC:  3    Str: 14    XL:     8   Next: 34%
Magic:  16/16      EV: 16    Int: 17    God:    Vehumet [......]
Gold:   156        SH:  0    Dex: 16    Spells: 8/16 levels left

rFire   . . .      SeeInvis .    (no weapon)
rCold   + . .      Faith    .    (no shield)
rNeg    . . .      Spirit   .    a - +1 robe
rPois   .          Reflect  .    (helmet restricted)
rElec   .          Harm     .    (no cloak)
rCorr   .          Rampage  .    (no gloves)
Will    .....                    (boots unavailable)
Stlth   +++                      c - amulet of regeneration
HPRegen 1.06/turn                j - +6 ring of strength
MPRegen 0.15/turn                o - ring of protection from cold

@: flying quickly and evasively, quick
A: beak, talons 3, nimble flight
a: Renounce Religion


You were on level 5 of the Dungeon.
You worshipped Vehumet.
Vehumet was noncommittal.
You visited 2 branches of the dungeon, and saw 7 of its levels.

You collected 156 gold pieces.

Inventory:

Missiles
 g - 2 throwing nets
Armour
 a - a +1 robe (worn)
Jewellery
 c - an amulet of regeneration (around neck)
 j - a +6 ring of strength (left hand)
 o - a ring of protection from cold (right hand)
Scrolls
 i - 4 scrolls of identify
 l - a scroll of teleportation {unknown}
Potions
 b - a potion of magic
 d - 4 potions of mutation
 e - a potion of heal wounds {unknown}
 f - 3 potions of brilliance
 h - 2 potions of flight
 k - a potion of berserk rage {unknown}
 m - a potion of curing {unknown}
 n - a potion of lignification {unknown}


   Skills:
 - Level 3.8 Dodging
 - Level 3.5 Stealth
 + Level 4.9 Spellcasting
 + Level 6.6 Conjurations
 + Level 7.7 Air Magic


You had 8 spell levels left.
You knew the following spells:

 Your Spells              Type           Power      Damage    Failure   Level
a - Shock                 Conj/Air       100%       1d9       1%          1
b - Swiftness             Air            30%        N/A       1%          3
c - Airstrike             Air            15%        2d(3-19)  6%          4

Your spell library contained the following spells:

 Spells                   Type           Power      Damage    Failure   Level
 Static Discharge         Conj/Air       56%        2-5/arc   1%          2


Dungeon Overview and Level Annotations

Branches:
Dungeon (6/15)             Temple (1/1) D:5

Altars:
Ashenzari
Cheibriados
Dithmenos
Fedhas
Gozag
Hepliaklqana
Kikubaaqudgha
Makhleb
Nemelex Xobeh
Okawaru
Qazlal
Ru
Sif Muna
Trog
Uskayaw
Vehumet
Wu Jian
Xom
Yredelemnul

Annotations:
D:6 Duvessa


Innate Abilities, Weirdness & Mutations

You have a beak for a mouth.
You have claws for feet.
Your magical nature lets you fly swiftly and evasively.


Message History

The air twists around and strikes the orc warrior.
The orc warrior shouts!
The orc warrior is lightly wounded.
The orc shouts! x2; You hear a shout!
The orc wizard shouts!
The orc warrior misses you. The orc hits you with a +0 dagger.
The orc warrior closely misses you.
You fly upwards.
There is a stone staircase leading down here.
The zap hits the orc.
The orc is lightly wounded.
The orc closely misses you.
The zap hits the orc.
The orc is heavily wounded.
The orc completely misses you.
The zap hits the orc!
You kill the orc!
Vehumet accepts your kill.
You start resting.
Magic restored.
You start waiting.
Done waiting.
You start waiting.
Done waiting.
You fly downwards.
The orc warrior misses you.
There is a stone staircase leading up here.
The orc wizard gestures wildly while chanting.
The orc wizard flickers and vanishes!
Deactivating autopickup; reactivate with Ctrl-A.
The orc warrior hits you with a +0 glaive!
Duvessa shouts!
You fly upwards.
Reactivating autopickup.
There is a stone staircase leading down here.
The orc warrior unwields a +0 glaive.
The orc warrior wields a +0 arbalest.
The orc warrior shoots a bolt.
The bolt misses you.
The orc warrior shoots a bolt.
The bolt completely misses you.
The orc warrior shoots a bolt.
The bolt hits you!
The orc warrior shoots a bolt.
The bolt barely misses you.
The orc warrior shoots a bolt.
The bolt hits you!
You die...

..##.......##.......# ##.######
..........#####.....# #.......
.....#.....#####...## ##).....
....###.............# #.......
....##..............## #..##.##
...............[.....### #..##'##
#......................###.##♣.♣#
#........................#.#♣...♣
#...............@......[...#♣.>.♣
#..........................#♣...♣
..##.......)...............##♣♣♣#
...........................####
..........................##..##
.#.....#......<........[.####..#
.#####..#####.........>o.# #..#
..# #..####..#....####[## ##.##
..####...)..).####...<..# ##..#


You could see an orc warrior.

Vanquished Creatures
  Prince Ribbit (D:5)
  Edmund (D:5)
  An orc warrior (D:5)
  A phantom (D:5)
  2 scorpions
  4 orc priests (D:5)
  2 hounds (D:5)
  A gnoll bouda (D:4)
  An iguana (D:5)
  7 gnolls
  9 adders
  A shadow imp (D:5)
  2 ufetubi (D:5)
  2 dart slugs
  20 orcs
  8 endoplasms
  10 goblins
  10 hobgoblins
  6 kobolds
  3 quokkas
  3 ball pythons
  3 bats
  5 frilled lizards
  5 rats
108 creatures vanquished.

Notes
Turn   | Place    | Note
-------+----------+-------------------------------------------
     0 | D:1      | cforsyth the Tengu Air Elementalist began the quest for the
                  | Orb.
     0 | D:1      | Reached XP level 1. HP: 10/10 MP: 4/4
   266 | D:1      | Reached XP level 2. HP: 10/15 MP: 0/6
  1496 | D:2      | Reached XP level 3. HP: 19/19 MP: 2/7
  1664 | D:2      | Found a bloodstained altar of Trog.
  2062 | D:2      | Found a faded altar of an unknown god.
  2513 | D:3      | Reached XP level 4. HP: 21/24 MP: 4/8
  3532 | D:4      | Noticed a scorpion
  3667 | D:3      | Killed a scorpion
  3668 | D:3      | Reached skill level 5 in Air Magic
  3668 | D:3      | Gained mutation: Your magical nature lets you fly swiftly
                  | and evasively. [Tengu growth]
  3668 | D:3      | Reached XP level 5. HP: 15/28 MP: 1/10
  4126 | D:4      | Reached XP level 6. HP: 27/32 MP: 3/11
  4405 | D:4      | Found a shimmering altar of Xom.
  4611 | D:5      | Entered Level 5 of the Dungeon
  4880 | D:5      | Noticed an orc warrior
  5050 | D:4      | Learned a level 3 spell: Swiftness
  5432 | D:5      | HP: 1/32 [orc warrior/+0 halberd (12)]
  5570 | D:5      | Reached XP level 7. HP: 31/36 MP: 5/13
  5599 | D:4      | Learned a level 4 spell: Airstrike
  5720 | D:5      | Reached skill level 6 in Air Magic
  5757 | D:5      | Found a staircase to the Ecumenical Temple.
  5764 | Temple   | Entered the Ecumenical Temple
  5809 | Temple   | Became a worshipper of Vehumet
  6370 | D:5      | Noticed Prince Ribbit
  6480 | D:5      | Reached skill level 5 in Conjurations
  6932 | D:5      | Noticed Edmund
  6959 | D:5      | Killed Edmund
  6960 | D:5      | Reached skill level 7 in Air Magic
  6960 | D:5      | Reached XP level 8. HP: 41/41 MP: 0/15
  7110 | D:5      | Killed Prince Ribbit
  8077 | D:6      | Noticed Duvessa
  8084 | D:5      | Shot with a bolt by an orc warrior

Illustrated notes

Levels and vault maps discovered:
D:1:      saegor_arrival_miasma, layout_basic, serial_rivers,
          chequers_serial_rivers_large_a, chequers_serial_rivers_micro_e,
          chequers_serial_rivers_micro_a, chequers_serial_rivers_room_b,
          minivault_25
D:2:      layout_basic, ebering_ecumenical_altar_rust, basic_altar
D:3:      layout_rooms, grunt_ministairs_9
D:4:      layout_cave_pools, kennysheep_mini_moat, hangedman_decor_slide_cut,
          serial_bayou_pond_d, kennysheep_cross_room
D:5:      layout_layer_cave, minmay_temple_entry_enclosed_plants,
          uniq_prince_ribbit1, uniq_edmund
D:6:      layout_loops_ring, uniq_duvessa
Temple:   dpeg_five_rooms_temple

Skill      XL: |  1  2  3  4  5  6  7  8 |
---------------+-------------------------+-----
Conjurations   | 2 3 4 5 6 |  6.6
Dodging        | 3 |  3.8
Stealth        | 3 |  3.5
Air Magic      | 5 7 |  7.7
Spellcasting   | 3 4 |  4.9

Action                     |  1- 3 |  4- 6 |  7- 9 || total
---------------------------+-------+-------+-------++-------
  Melee: Unarmed           |     2 |    18 |     1 ||    21
         Kick              |       |     5 |     1 ||     6
         Peck              |       |     5 |       ||     5
   Cast: Shock             |    82 |   165 |    38 ||   285
         Airstrike         |       |       |    17 ||    17
    Use: Scroll            |       |     7 |     1 ||     8
 Armour: Robe              |     2 |     9 |     5 ||    16
  Dodge: Dodged            |    12 |    82 |    43 ||   137

Table legend: (Time is in decaauts)
 A = Elapsed time spent in this place.
 B = Non-inter-level travel time spent in this place.
 C = Inter-level travel time spent in this place.
 D = Time resting spent in this place.
 E = Time spent auto-exploring this place.
 F = Levels seen in this place.
 G = Mean time per level.
                   A        B        C        D        E       F      G
               +--------+--------+--------+--------+--------+-----+--------+
         Total |   7879 |   7663 |    216 |    951 |   5593 |   7 | 1125.6 |
       Dungeon |   7640 |   7468 |    172 |    951 |   5415 |   6 | 1273.3 |
        Temple |    239 |    195 |     44 |      0 |    177 |   1 |  239.0 |
               +--------+--------+--------+--------+--------+-----+--------+

Top non-repeatable levels by time:
     D:5: 2327 daAuts
     D:1: 1474 daAuts
     D:4: 1469 daAuts
     D:3: 1182 daAuts
     D:2: 1180 daAuts
  Temple: 239 daAuts
     D:6: 6 daAuts
